 Dungeon Crawl Stone Soup version 0.30.1-11-g7821555f0a (webtiles) character file.

Game seed: 3406529512561405136

2970 Peloso the Carver (level 9, -13/79 HPs)
             Began as a Minotaur Fighter on Oct 26, 2023.
             Was a Follower of Okawaru.
             Mangled by Gastronok (25 damage)
             ... on level 8 of the Dungeon on Oct 27, 2023.
             The game lasted 00:18:27 (8335 turns).

Peloso the Carver (Minotaur Fighter)                Turns: 8335, Time: 00:18:28

Health: -13/79     AC: 15    Str: 22    XL:     9   Next: 52%
Magic:  7/8        EV:  7    Int:  5    God:    Okawaru [*.....]
Gold:   327        SH:  6    Dex: 19    Spells: 8/8 levels left

rFire   + . .        a - +0 long sword
rCold   . . .        d - +0 buckler
rNeg    . . .        t - +0 plate armour
rPois   .            (helmet restricted)
rElec   .            A - +0 cloak
rCorr   .            (no gloves)
SInv    .            (no boots)
Will    .....        (no amulet) Stlth
                     j - ring of protection from fire
HPRegen 0.33/turn    D - +6 ring of dexterity
MPRegen 0.11/turn

%: no passive effects
@: mighty
A: horns 2, retaliatory headbutt
a: Renounce Religion, Heroism


You were on level 8 of the Dungeon.
You worshipped Okawaru.
Okawaru was aware of your devotion.
You visited 2 branches of the dungeon, and saw 10 of its levels.

You collected 327 gold pieces.

Inventory:

Hand Weapons
 a - a +0 long sword (weapon)
Armour
 b - a +0 scale mail
 c - a +0 chain mail
 d - a +0 buckler (worn)
 t - a +0 plate armour (worn)
 A - a +0 cloak (worn)
Jewellery
 j - a ring of protection from fire (left hand)
 k - a ring of ice
 B - a ring of ice
 D - a +6 ring of dexterity (right hand)
 H - an amulet of the acrobat
 I - a +4 ring of protection
Wands
 o - a wand of quicksilver (9)
 q - a wand of mindburst (12)
 M - a wand of iceblast (8)
Scrolls
 g - a scroll of immolation
 m - a scroll of poison {unknown}
 n - a scroll of acquirement
 r - 3 scrolls of teleportation
 v - 3 scrolls of amnesia
 w - 3 scrolls of enchant armour {unknown}
 x - 3 scrolls of magic mapping
 y - 3 scrolls of noise {unknown}
 z - a scroll of blinking
 E - 2 scrolls of enchant weapon {unknown}
 G - 2 scrolls of fog {unknown}
Potions
 e - a potion of might
 f - 3 potions of heal wounds
 h - a potion of magic
 i - 4 potions of mutation
 l - 3 potions of curing {unknown}
 p - 6 potions of lignification {unknown}
 s - a potion of degeneration {unknown}
 u - 3 potions of ambrosia {unknown}
 C - a potion of resistance {unknown}
 F - 2 potions of brilliance
 J - a potion of haste
 K - a potion of flight {unknown}


   Skills:
 + Level 7.4 Fighting
 + Level 10.5 Long Blades
 + Level 8.8 Armour
 + Level 1.8 Dodging
 + Level 0.2 Stealth
 + Level 6.9 Shields


You had 8 spell levels left.
You didn't know any spells.
Your spell library contained the following spells:

 Spells                   Type           Power      Damage    Failure   Level
 Shock                    Conj/Air       0%         1d3       100%        1
 Sting                    Tmut/Pois      0%         1d3       100%        1
 Ensorcelled Hibernation  Hex/Ice        0%         N/A       100%        2
 Poisonous Vapours        Pois/Air       0%         N/A       100%        2
 Static Discharge         Conj/Air       0%         2-2/arc   100%        2
 Spider Form              Tmut/Pois      0%         N/A       100%        3
 Swiftness                Air            0%         N/A       100%        3
 Airstrike                Air            0%         2d(0-16)  100%        4
 Anguish                  Hex/Necr       0%         N/A       100%        4
 Olgreb's Toxic Radiance  Pois           0%         N/A       100%        4
 Summon Lightning Spire   Summ/Air       Unusable   N/A       N/A         4

Dungeon Overview and Level Annotations

Branches:
Dungeon (9/15)             Temple (1/1) D:5
   Lair: D:8-11         Orc: D:9-12

Altars:
Ashenzari
Cheibriados
Dithmenos
Elyvilon
Gozag
Hepliaklqana
Kikubaaqudgha
Makhleb
Nemelex Xobeh
Okawaru
Qazlal
Ru
Sif Muna
Trog
Uskayaw
Vehumet
Wu Jian
Xom
Yredelemnul
Zin
The Shining One

Shops:
D:2 :

Annotations:
D:6 2 transporters
D:8 Gastronok


Innate Abilities, Weirdness & Mutations

You have a pair of horns on your head.
You reflexively headbutt those who attack you in melee.


Message History

You start waiting.
You feel yourself speed up.
Okay, then.
As you read the scroll of identify, it crumbles to dust.
z - a scroll of blinking You climb upwards.
Level annotation: Gastronok
There is a stone staircase leading down here.
You gain the combat prowess of a mighty hero.
There is an open door here.
Unknown command.
You feel very mighty all of a sudden.
You hit Gastronok. You headbutt Gastronok.
Gastronok is lightly wounded.
Gastronok waves his eye-stalks in wide circles.
The air twists around and strikes you!!
Unknown command.
You slash Gastronok!
Gastronok is lightly wounded.
You slice Gastronok!!
Gastronok is moderately wounded.
You slash Gastronok! You headbutt Gastronok!!
Gastronok is heavily wounded.
Gastronok gurgles, "A snack!
A snack!"
Gastronok bites you!!
You completely miss Gastronok. You headbutt Gastronok!
Gastronok is severely wounded.
You slash Gastronok!
Gastronok is severely wounded.
You hit Gastronok. You headbutt Gastronok!!
Gastronok is almost dead.
Gastronok bites you!!
* * * LOW HITPOINT WARNING * * *
You hit Gastronok.
Gastronok is almost dead.
You feel like a meek peon again.
You slash Gastronok!
Gastronok is almost dead.
Gastronok bites you!!
You die...

#.......#
#.......#
#....?..#
#.......#
#.......#
#.......#
#.w.....# ###
#@#
#...##'#######
#......>.....#
#............#
#............#
#....####....#
#....####....#
#............#
#............#


You could see Gastronok.

Vanquished Creatures
  Grinder (D:4)
  Sigmund (D:4)
  Menkaure (D:5)
  Duvessa (D:6)
  An ice beast (D:6)
  A sky beast (D:4)
  2 black bears
  A phantom (D:5)
  2 bullfrogs (D:7)
  2 kobold brigands (D:7)
  3 scorpions (D:6)
  Dowan (D:6)
  9 killer bees (D:7)
  A howler monkey (D:4)
  4 hounds
  Crazy Yiuf (D:3)
  2 jellies (D:6)
  7 orc priests
  4 iguanas
  Natasha (thrice) (D:2)
  7 orc wizards
  Robin (D:2)
  4 gnolls
  3 adders
  An ufetubus (D:7)
  A worm (D:4)
  5 dart slugs
  29 orcs
  11 ball pythons
  12 endoplasms
  2 giant cockroaches
  23 goblins
  10 hobgoblins
  12 jackals
  3 quokkas
  3 bats (D:2)
  A frilled lizard (D:3)
  16 kobolds
  8 rats
200 creatures vanquished.

Notes
Turn   | Place    | Note
-------+----------+-------------------------------------------
     0 | D:1      | Peloso the Minotaur Fighter began the quest for the Orb.
     0 | D:1      | Reached XP level 1. HP: 19/19 MP: 0/0
     0 | D:1      | Upgraded the game from 0.30.1-10-g1249ef9ec4 to
                  | 0.30.1-11-g7821555f0a
   212 | D:1      | Reached XP level 2. HP: 26/27 MP: 1/1
   518 | D:1      | Reached XP level 3. HP: 33/33 MP: 2/2
   749 | D:1      | Reached skill level 3 in Long Blades
   930 | D:2      | Found Unixeth's Vocational Training.
  1065 | D:2      | Noticed Natasha
  1079 | D:2      | Killed Natasha
  1080 | D:2      | Reached XP level 4. HP: 29/40 MP: 3/3
  1275 | D:2      | Found a faded altar of an unknown god.
  1294 | D:2      | Noticed Natasha
  1301 | D:2      | Killed Natasha
  1337 | D:2      | Noticed Natasha
  1343 | D:2      | Killed Natasha
  1344 | D:2      | Reached skill level 4 in Long Blades
  1493 | D:2      | Reached XP level 5. HP: 46/46 MP: 4/4
  1586 | D:2      | Noticed Robin
  1611 | D:2      | Killed Robin
  2007 | D:3      | You fall into a shaft and drop 3 floors!
  2017 | D:6      | Noticed a kobold demonologist
  2020 | D:6      | Found a transporter.
  2036 | D:5      | Entered Level 5 of the Dungeon
  2036 | D:5      | Noticed a phantom
  2055 | D:5      | Killed a phantom
  2056 | D:5      | Reached skill level 5 in Long Blades
  2064 | D:6      | Reached XP level 6. HP: 12/53 MP: 5/5
  2238 | D:6      | Reached skill level 5 in Armour
  2692 | D:5      | Reached skill level 6 in Long Blades
  2795 | D:6      | Reached skill level 1 in Dodging
  2943 | D:5      | Reached skill level 5 in Fighting
  2943 | D:5      | Reached XP level 7. HP: 48/61 MP: 6/6
  3668 | D:3      | Found a runed translucent door.
  3669 | D:3      | Noticed Crazy Yiuf
  3675 | D:3      | Killed Crazy Yiuf
  3676 | D:3      | Reached skill level 5 in Shields
  3786 | D:4      | Noticed Grinder
  3801 | D:4      | Paralysed by Grinder for 2 turns
  3813 | D:4      | Killed Grinder
  3814 | D:4      | Reached skill level 7 in Long Blades
  4204 | D:4      | Noticed Sigmund
  4234 | D:4      | Killed Sigmund
  4235 | D:4      | Reached XP level 8. HP: 48/69 MP: 7/7
  4475 | D:4      | Reached skill level 8 in Long Blades
  4758 | D:4      | Identified a scroll of acquirement
  5236 | D:5      | Noticed Menkaure
  5256 | D:6      | Reached skill level 9 in Long Blades
  5267 | D:5      | Killed Menkaure
  5359 | D:5      | Found a staircase to the Ecumenical Temple.
  5608 | Temple   | Entered the Ecumenical Temple
  6044 | Temple   | Became a worshipper of Warmaster Okawaru
  6168 | D:6      | Noticed a kobold demonologist
  6652 | D:6      | Found a transporter.
  6745 | D:6      | Reached XP level 9. HP: 77/78 MP: 8/8
  6786 | D:6      | Noticed Dowan
  6786 | D:6      | Noticed Duvessa
  6791 | D:6      | Killed Dowan
  6797 | D:6      | Killed Duvessa
  6797 | D:6      | Reached * piety under Okawaru
  7303 | D:7      | Reached skill level 10 in Long Blades
  8125 | D:7      | Found a burning altar of Makhleb.
  8305 | D:8      | Noticed Gastronok
  8335 | D:8      | Mangled by Gastronok

Illustrated notes

Levels and vault maps discovered:
D:1:      wander_arrival_abandoned_jail, layout_basic
D:2:      kennysheep_the_goblin_king, layout_basic,
          ebering_ecumenical_altar_rust, serial_bayou_ford_a,
          nicolae_shop_vocational, uniq_natasha, uniq_robin
D:3:      layout_basic, kennysheep_generic_room_7, uniq_crazy_yiuf_cottage
D:4:      layout_loops_corners, chequers_serial_rivers_micro_d, st_stairs_2,
          uniq_grinder, uniq_sigmund
D:5:      layout_rooms, minmay_temple_entry_poolview, dreamdust_gnoll_farm,
          uniq_menkaure
D:6:      gammafunk_wand_slinger, layout_basic, uniq_duvessa
D:7:      layout_basic, makhleb_blood_cavern_becter
D:8:      layout_gridville, mainiacjoe_overflow_alcove_2, uniq_gastronok
D:9:      layout_roguey, lair_entry_dummy, serial_shops, nicolae_shop_stone,
          nicolae_shop_rolling_square, shop_statue
Temple:   mainiacjoe_temple_big_plus

Skill      XL: |  1  2  3  4  5  6  7  8  9 |
---------------+----------------------------+-----
Shields        | 4 5 6 |  6.9
Fighting       | 4 5 6 7 |  7.4
Armour         | 4 5 6 7 8 |  8.8
Long Blades    | 3 4 5 6 7 9 10 | 10.5
Dodging        | 1 |  1.8
Stealth        | |  0.2

Action                     |  1- 3 |  4- 6 |  7- 9 || total
---------------------------+-------+-------+-------++-------
  Melee: Long sword        |    83 |   161 |   355 ||   599
         Headbutt          |    11 |    39 |    69 ||   119
 Invoke: Heroism           |       |       |     2 ||     2
    Use: Potion            |     3 |     1 |     2 ||     6
         Scroll            |     2 |     3 |     4 ||     9
 Armour: Scale mail        |     8 |       |       ||     8
         Chain mail        |    47 |   109 |    13 ||   169
         Plate armour      |       |       |   205 ||   205
  Dodge: Dodged            |    35 |    59 |    98 ||   192
  Block: Buckler           |    18 |    44 |   100 ||   162
